 Dungeon Crawl Stone Soup version 0.27.1 (webtiles) character file.

Game seed: 7447423577861777664

413 MacCMillion the Digger (level 6, -5/54 HPs)
             Began as a Troll Earth Elementalist on Aug 26, 2021.
             Slain by an orc warrior (22 damage)
             ... on level 5 of the Dungeon.
             The game lasted 00:13:30 (2986 turns).

MacCMillion the Digger (Troll Earth Elementalist)   Turns: 2986, Time: 00:13:31

Health: -5/54      AC:  4    Str: 17    XL:     6   Next: 59%
Magic:  6/6        EV: 24    Int: 13    God:
Gold:   173        SH:  0    Dex: 10    Spells: 6/7 levels left

rFire    . . .     SeeInvis .     - Unarmed
rCold    . . .     Faith    .   (no shield)
rNeg     . . .     Spirit   .   b - +0 robe
rPois    .         Reflect  .   (helmet restricted)
rElec    .         Harm     .   (no cloak)
rCorr    .         Rampage  .   (gloves unavailable)
Will     .....                  (boots unavailable)
Stlth    +.........             l - amulet of the acrobat
HPRegen  1.18/turn              (no ring)
MPRegen  0.10/turn              (no ring)

@: acrobatic
A: large, unfitting armour, claws 3, regeneration 1, shaggy fur 1, tough skin 1
a: no special abilities


You were on level 5 of the Dungeon.
You visited 1 branch of the dungeon, and saw 6 of its levels.

You collected 173 gold pieces.

Inventory:

Missiles
 c - 109 stones
Armour
 b - a +0 robe (worn)
Jewellery
 l - an amulet of the acrobat (around neck)
 m - a ring of poison resistance
Wands
 q - a wand of iceblast (17)
Scrolls
 d - a scroll of teleportation {unknown}
 f - a scroll of fog {unknown}
 h - a scroll of magic mapping
 i - a scroll of identify {unknown}
 p - a scroll of fear {unknown}
 r - a scroll of enchant weapon {unknown}
 s - a scroll of acquirement {unknown}
Potions
 a - a potion of berserk rage {unknown}
 e - 2 potions of curing {unknown}
 g - a potion of brilliance {unknown}
 j - a potion of attraction {unknown}
 k - 2 potions of flight {unknown}
 n - a potion of mutation {unknown}
 o - a potion of might {unknown}
 t - a potion of ambrosia {unknown}


   Skills:
 - Level 0.4 Fighting
 - Level 1.5 Dodging
 - Level 1.0 Stealth
 + Level 4.8 Unarmed Combat
 - Level 1.2 Spellcasting
 - Level 0.6 Transmutations
 + Level 4.9 Earth Magic


You had 6 spell levels left.
You knew the following spells:

 Your Spells              Type           Power      Damage    Failure   Level
a - Sandblast             Erth           26%        2d8       3%          1

Your spell library contained the following spells:

 Spells                   Type           Power      Damage    Failure   Level
 Passwall                 Tmut/Erth      6%         N/A       13%         2
 Animate Skeleton         Necr           0%         N/A       28%         1
 Apportation              Tloc           0%         N/A       28%         1
 Corona                   Hex            0%         N/A       28%         1
 Pain                     Necr           0%         1d4       28%         1
 Summon Small Mammal      Summ           0%         N/A       28%         1
 Stone Arrow              Conj/Erth      14%        3d7       30%         3
 Vampiric Draining        Necr           0%         2d6       63%         3
 Petrify                  Tmut/Erth      8%         N/A       65%         4
 Passage of Golubria      Tloc           N/A        N/A       95%         4
 Summon Lightning Spire   Summ/Air       0%         N/A       95%         4
 Agony                    Necr           0%         N/A       100%        5
 Excruciating Wounds      Necr           0%         N/A       100%        5
 Silence                  Hex/Air        0%         N/A       100%        5
 Storm Form               Tmut/Air       0%         N/A       100%        7
 Lehudib's Crystal Spear  Conj/Erth      3%         10d3      100%        8
 Maxwell's Capacitive Co  Air            0%         ∞         100%        8


Dungeon Overview and Level Annotations

Branches:
Dungeon (6/15)
 Temple: D:4-7

Altars:
Elyvilon
Gozag
Qazlal
Trog
Yredelemnul
Lugonu

Portals:
Abyss: D:4


Innate Abilities, Weirdness & Mutations

You are too large for most types of armour.
You have claws for hands.
Your natural rate of healing is unusually fast.
You are covered in fur. (AC +1)
You have tough skin. (AC +1)


Message History

The bullfrog zombie hits you but does no damage.
The bullfrog zombie closely misses you.
You barely miss the bullfrog zombie.
The bullfrog zombie is severely damaged.
The bullfrog zombie hits you but does no damage.
You claw the bullfrog zombie!
You destroy the bullfrog zombie!
No target in view!
There is a stone staircase leading up here.
You can't go down here!
You climb upwards.
There is a stone staircase leading down here.
The orc warrior completely misses you.
You barely miss the orc warrior.
The orc warrior is moderately wounded.
The orc warrior hits you with a +0 halberd.
You barely miss the orc warrior.
The orc warrior is moderately wounded.
The orc warrior completely misses you.
You scratch the orc warrior but do no damage.
Your claw misses the orc warrior.
The orc warrior is moderately wounded.
You barely miss the orc warrior.
The orc warrior is moderately wounded.
The orc warrior hits you but does no damage.
You scratch the orc warrior but do no damage.
The orc warrior is moderately wounded.
The orc warrior hits you with a +0 halberd!
You scratch the orc warrior.
The orc warrior is heavily wounded.
The orc warrior barely misses you.
You completely miss the orc warrior.
The orc warrior is heavily wounded.
The orc warrior hits you with a +0 halberd!
You barely miss the orc warrior.
The orc warrior is heavily wounded.
The orc warrior hits you with a +0 halberd!!
* * * LOW HITPOINT WARNING * * *
The orc warrior hits you from afar with a +0 halberd!!
You die...

#....#####[....#
#.......##.⌠.⌠.#
#........#.._..#
#........#.⌠.⌠.#
#........#.....#
#######........###'###
........o.......#..#
.................##
#####....@.....####
#...............#
...##............#
#............#
#[...........#
###....>.....#
##........##
##....(.## ########


You could see an orc warrior.

Vanquished Creatures
  A kobold brigand (D:6)
  A howler monkey (D:6)
  A bullfrog zombie (D:6)
  A centaur zombie (D:6)
  A hound (D:6)
  An orc priest (D:2)
  An orc wizard (D:2)
  6 adders
  A shadow imp (D:6)
  A white imp (D:6)
  4 dart slugs
  7 orcs
  8 endoplasms
  2 giant cockroaches
  7 goblins
  4 hobgoblins
  2 quokkas
  A ball python (D:1)
  6 bats
  4 frilled lizards
  19 kobolds
  5 rats
84 creatures vanquished.

Notes
Turn   | Place    | Note
-------+----------+-------------------------------------------
     0 | D:1      | MacCMillion the Troll Earth Elementalist began the quest
                  | for the Orb.
     0 | D:1      | Reached XP level 1. HP: 16/16 MP: 1/1
   235 | D:1      | Reached XP level 2. HP: 24/24 MP: 2/2
   867 | D:2      | Reached XP level 3. HP: 29/31 MP: 3/3
   909 | D:2      | Reached skill level 1 in Unarmed Combat
   951 | D:2      | Reached XP level 4. HP: 37/40 MP: 4/4
  1835 | D:3      | Reached XP level 5. HP: 46/46 MP: 5/5
  2349 | D:4      | Found a bloodstained altar of Trog.
  2350 | D:4      | Found an opulent altar of Gozag.
  2350 | D:4      | Found a basalt altar of Yredelemnul.
  2350 | D:4      | Found a white marble altar of Elyvilon.
  2391 | D:4      | Found a large runed translucent door.
  2391 | D:4      | Found a large runed translucent door.
  2392 | D:4      | Found a corrupted altar of Lugonu.
  2503 | D:4      | Found a one-way gate to the infinite horrors of the Abyss.
  2586 | D:4      | You fall into a shaft and drop 2 floors!
  2716 | D:6      | Reached XP level 6. HP: 52/54 MP: 6/6
  2822 | D:5      | Entered Level 5 of the Dungeon
  2857 | D:5      | Found a stormy altar of Qazlal.
  2874 | D:5      | Noticed an orc warrior
  2986 | D:5      | Slain by an orc warrior

Illustrated notes

Levels and vault maps discovered:
D:1:      wheals_arrival_linesprint, layout_basic, grunt_decor_resistance,
          hex_large, amcnicky_mini_corridor_feature
D:2:      cheibrodos_pilgrimage, layout_basic
D:3:      layout_basic
D:4:      due_chaos_kobolds, layout_basic, grunt_temple_overflow_open,
          uniq_purgy, uniq_menkaure
D:5:      layout_rooms, kennysheep_little_box, guppyfry_early_orc_mine,
          uniq_pikel
D:6:      layout_loops_ring, nemelex_dance_club_becter,
          chequers_serial_rivers_small_a

Skill      XL: |  1  2  3  4  5 |
---------------+----------------+-----
Earth Magic    | 3 4 |  4.9
Unarmed Combat | 2 3 4 |  4.8
Fighting       | |  0.4
Dodging        | |  1.5
Stealth        | |  1.0
Spellcasting   | |  1.2
Transmutations | |  0.6

Action                   |  1- 3 |  4- 6 || total
-------------------------+-------+-------++-------
Melee: Unarmed           |    82 |   227 ||   309
       Punch             |       |     1 ||     1
 Cast: Sandblast         |       |     4 ||     4
  Use: Scroll            |       |     1 ||     1
 Stab: Sleeping          |     1 |     3 ||     4
Armor: Robe              |    33 |    66 ||    99
Dodge: Dodged            |    24 |   102 ||   126
